 Dungeon Crawl Stone Soup version 0.28.0 (webtiles) character file.

Game seed: 1477425579363170698

39 styxcanada the Firebug (level 3, -3/19 HPs)
             Began as a Deep Elf Fire Elementalist on Feb 17, 2022.
             Slain by Sigmund (11 damage)
             ... on level 2 of the Dungeon.
             The game lasted 00:04:26 (1023 turns).

styxcanada the Firebug (Deep Elf Fire Elementalist) Turns: 1023, Time: 00:04:27

Health: -3/19      AC:  2    Str:  5    XL:     3   Next: 26%
Magic:  6/9        EV: 12    Int: 21    God:
Gold:   38         SH:  0    Dex: 15    Spells: 5/8 levels left

rFire   . . .      SeeInvis .   d - +0 short sword
rCold   . . .      Faith    .   (no shield)
rNeg    . . .      Spirit   .   a - +0 robe
rPois   .          Reflect  .   (no helmet)
rElec   .          Harm     .   (no cloak)
rCorr   .          Rampage  .   (no gloves)
Will    .....                   (no boots)
Stlth   ++........              (no amulet)
HPRegen 0.06/turn               (no ring)
MPRegen 0.11/turn               (no ring)

@: brilliant
A: no striking features
a: no special abilities


You were on level 2 of the Dungeon.
You visited 1 branch of the dungeon, and saw 2 of its levels.

You collected 38 gold pieces.

Inventory:

Hand Weapons
 c - a +0 dagger
 d - a +0 short sword (weapon)
Missiles
 e - 43 sling bullets
Armour
 a - a +0 robe (worn)
Scrolls
 b - a scroll of fog {unknown}
 h - a scroll of immolation {unknown}
Potions
 f - a potion of heal wounds
 g - a potion of brilliance


   Skills:
 + Level 2.4 Dodging
 * Level 2.9 Stealth
 + Level 3.4 Spellcasting
 + Level 1.2 Conjurations
 + Level 4.3 Fire Magic


You had 5 spell levels left.
You knew the following spells:

 Your Spells              Type           Power      Damage    Failure   Level
a - Foxfire               Conj/Fire      88%        2x1d8     4%          1
b - Scorch                Fire           64%        2d8       3%          2

Your spell library contained the following spells:

 Spells                   Type           Power      Damage    Failure   Level
 Conjure Flame            Conj/Fire      22%        6-21      12%         3
 Inner Flame              Hex/Fire       18%        N/A       16%         3
 Flame Wave               Conj/Fire      22%        2d7       38%         4


Dungeon Overview and Level Annotations

Branches:
Dungeon (2/15)

Altars:

Annotations:
D:2 Sigmund


Message History

Sigmund shouts!
You hear a shout!
Sigmund gestures wildly while chanting.
Sigmund flickers and vanishes!
Deactivating autopickup; reactivate with Ctrl-A.
The foxfire hits the endoplasm.
You kill the endoplasm!
The foxfire hits something but does no damage.
Casting: Foxfire (safe; 4% risk of failure)
Confirm with . or Enter, or press ? or * to list all spells.
You conjure some foxfire!
The foxfire hits something.
The foxfire hits something.
Casting: Foxfire (safe; 4% risk of failure)
Confirm with . or Enter, or press ? or * to list all spells.
You conjure some foxfire!
You start resting.
You are confused.
Your foxfire dissipates! x2
A magic dart appears from out of thin air!
The magic dart hits you!
You're too confused to cast spells.
Sorry, you're not good enough to have a special ability.
Unknown command.
You're too confused to cast spells.
Unknown command.
Unknown command.
You're too confused to cast spells.
Sorry, you're not good enough to have a special ability.
Unknown command.
It was a potion of heal wounds.
You feel much better. Something barely misses you.
It was a potion of brilliance.
You feel clever all of a sudden.
You feel less confused. Something hits you!
Ouch! That really hurt!
Casting: Foxfire (safe; 4% risk of failure)
Confirm with . or Enter, or press ? or * to list all spells.
You feel a surge of power!
You conjure some foxfire!
Something hits you!
Ouch! That really hurt!
You die...

.# .# #### .#
..ยง.##########.#
...............####
..................#
..............###.#
#...........v@....#.
+......<....v......>#
#..........{......#.#
..........##....#.#
........####.##.# ..
......... #.# .# ##
......... #.# .#
.......... #.# ..
...........#.###


There were no monsters in sight!

Vanquished Creatures
  An adder (D:2)
  3 ball pythons (D:1)
  4 endoplasms
  A giant cockroach (D:2)
  2 goblins (D:1)
  4 hobgoblins (D:1)
  2 jackals (D:1)
  2 quokkas (D:1)
  A bat (D:1)
  4 frilled lizards
  2 kobolds (D:1)
  A rat (D:1)
27 creatures vanquished.

Vanquished Creatures (others)
  47 foxfires
47 creatures vanquished.

Grand Total: 74 creatures vanquished

Notes
Turn   | Place    | Note
-------+----------+-------------------------------------------
     0 | D:1      | styxcanada the Deep Elf Fire Elementalist began the quest
                  | for the Orb.
     0 | D:1      | Reached XP level 1. HP: 10/10 MP: 6/6
   245 | D:1      | Reached XP level 2. HP: 12/15 MP: 4/8
   418 | D:1      | Reached skill level 4 in Fire Magic
   501 | D:1      | Learned a level 2 spell: Scorch
   952 | D:2      | Reached XP level 3. HP: 19/19 MP: 4/9
   998 | D:2      | Noticed Sigmund
  1023 | D:2      | Slain by Sigmund

Illustrated notes

Levels and vault maps discovered:
D:1:      lemuel_arrival_river_ford, layout_basic, st_stairs_2,
          minmay_misc_feat_encased
D:2:      layout_basic, uniq_sigmund, uniq_robin

Skill      XL: |  1  2 |
---------------+-------+-----
Fire Magic     | 4 |  4.3
Dodging        | |  2.4
Stealth        | |  2.9
Spellcasting   | |  3.4
Conjurations   | |  1.2

Action                   || total
-------------------------++-------
Melee: Short sword       ||     6
 Cast: Foxfire           ||    33
       Scorch            ||     3
  Use: Potion            ||     2
 Stab: Sleeping          ||     2
Armor: Robe              ||     1
Dodge: Dodged            ||     5
